 Dungeon Crawl Stone Soup version 0.27.1-4-g1640c2035a (webtiles) character file.

Game seed: 11190734773358820574

121 zeram the Chopper (level 5, -16/46 HPs)
             Began as a Hill Orc Fighter on Nov 11, 2021.
             Splashed by a kobold's acid (17 damage)
             ... on level 3 of the Dungeon.
             The game lasted 00:03:07 (1833 turns).

zeram the Chopper (Hill Orc Fighter)                Turns: 1833, Time: 00:03:08

Health: -16/46     AC:  1    Str: 19    XL:     5   Next: 5%
Magic:  5/5        EV:  7    Int:  9    God:
Gold:   81         SH:  9    Dex: 10    Spells: 4/4 levels left

rFire    . . .     SeeInvis .   a - +0 war axe
rCold    . . .     Faith    .   c - +0 kite shield
rNeg     . . .     Spirit   .   b - +0 scale mail
rPois    .         Reflect  .   d - +0 helmet
rElec    .         Harm     .   f - +0 cloak
rCorr    .         Rampage  .   (no gloves)
Will     .....                  (no boots)
Stlth    ..........             (no amulet)
HPRegen  0.15/turn              (no ring)
MPRegen  0.09/turn              (no ring)

@: corroded
A: no striking features
a: no special abilities


You were on level 3 of the Dungeon.
You visited 1 branch of the dungeon, and saw 3 of its levels.

You collected 81 gold pieces.

Inventory:

Hand Weapons
 a - a +0 war axe (weapon)
Armour
 b - a +0 scale mail (worn)
 c - a +0 kite shield (worn)
 d - a +0 helmet (worn)
 f - a +0 cloak (worn)
Scrolls
 g - 2 scrolls of identify
 i - 2 scrolls of torment {unknown}
Potions
 e - a potion of lignification
 h - 2 potions of flight {unknown}


   Skills:
 + Level 4.2 Fighting
 + Level 4.9 Axes
 + Level 4.0 Armour
 + Level 4.0 Shields


You had 4 spell levels left.
You didn't know any spells.
Your spell library contained the following spells:

 Spells                   Type           Power      Damage    Failure   Level
 Corpse Rot               Necr/Air       N/A        N/A       100%        2
 Poisonous Vapours        Pois/Air       0%         N/A       100%        2
 Freezing Cloud           Conj/Ice/Air   0%         6-21      100%        5


Dungeon Overview and Level Annotations

Branches:
Dungeon (3/15)

Altars:
Ru


Message History

You see here a hobgoblin skeleton.
Items here: ) [[ รทรท.
d - a +0 helmet You start putting on your armour.
You continue putting on your +0 helmet. x4
You finish putting on your +0 helmet.
Found 2 scrolls labelled LYOGIR YXYTS.
i - 2 scrolls labelled LYOGIR YXYTS A kobold comes into view.
It is wielding a +0 mace and carrying a wand of acid (12).
A kobold is nearby!
A kobold is nearby!
A kobold is nearby!
The kobold shouts!
The kobold zaps a wand.
The bolt of acid hits you!! The acid corrodes you!
You are splashed with acid!
* * * LOW HITPOINT WARNING * * *
You are too injured to fight recklessly!
You are too injured to fight recklessly!
You are too injured to fight recklessly!
You are too injured to fight recklessly!
You are too injured to fight recklessly!
You are too injured to fight recklessly!
You are too injured to fight recklessly!
You are too injured to fight recklessly!
You are too injured to fight recklessly!
You are too injured to fight recklessly!
You are too injured to fight recklessly!
You are too injured to fight recklessly!
You are too injured to fight recklessly!
You are too injured to fight recklessly!
You are too injured to fight recklessly!
You are too injured to fight recklessly!
You are too injured to fight recklessly!
You are too injured to fight recklessly!
You are too injured to fight recklessly!
You are too injured to fight recklessly!
You are too injured to fight recklessly!
The kobold zaps a wand.
The bolt of acid hits you!
* * * LOW HITPOINT WARNING * * *
The acid corrodes you!
You are splashed with acid!
You die...

### #
##.####.####
###...@K......
#......##.####
#.#...##
#.##.##
#######.####
#.......#
##.####..#
##...###..#
#.........#


You could see a kobold.

Vanquished Creatures
  A howler monkey (D:3)
  Terence (D:3)
  Robin (D:3)
  6 ball pythons
  7 endoplasms
  A giant cockroach (D:1)
  8 hobgoblins
  A kobold (D:2)
  4 quokkas
  A bat (D:1)
  A frilled lizard (D:1)
  9 goblins
41 creatures vanquished.

Notes
Turn   | Place    | Note
-------+----------+-------------------------------------------
     0 | D:1      | zeram the Hill Orc Fighter began the quest for the Orb.
     0 | D:1      | Reached XP level 1. HP: 19/19 MP: 1/1
   186 | D:1      | Reached XP level 2. HP: 15/27 MP: 2/2
  1282 | D:2      | Reached XP level 3. HP: 29/33 MP: 3/3
  1368 | D:3      | Noticed Robin
  1562 | D:3      | Killed Robin
  1569 | D:3      | Reached XP level 4. HP: 35/40 MP: 4/4
  1673 | D:3      | Found a sacrificial altar of Ru.
  1683 | D:3      | Noticed Terence
  1692 | D:3      | Killed Terence
  1693 | D:3      | Reached XP level 5. HP: 42/46 MP: 5/5
  1833 | D:3      | HP: 1/46 [kobold/bolt of acid (12)]
  1833 | D:3      | Splashed by a kobold's acid

Illustrated notes

Levels and vault maps discovered:
D:1:      ncdulo_halloftheorcs, layout_basic
D:2:      layout_rooms
D:3:      layout_loops_ring, mainiacjoe_overflow_catwalk, uniq_robin,
          uniq_natasha, uniq_terence

Skill      XL: |  1  2  3  4  5 |
---------------+----------------+-----
Axes           | 3 4 |  4.9
Fighting       | 4 |  4.2
Shields        | 4 |  4.0
Armour         | 4 |  4.0

Action                   |  1- 3 |  4- 6 || total
-------------------------+-------+-------++-------
Melee: War axe           |    94 |    14 ||   108
  Use: Scroll            |     2 |       ||     2
       Potion            |       |     1 ||     1
Armor: Scale mail        |    59 |     5 ||    64
Dodge: Dodged            |    34 |     5 ||    39
Block: Kite shield       |    56 |     3 ||    59
